 Dungeon Crawl Stone Soup version 0.25.0-1-g7eea58d (webtiles) character file.

Game seed: 9431387059966937440

85 jorbis the Skirmisher (level 4, -3/29 HPs)
             Began as a Kobold Chaos Knight on June 26, 2020.
             Was a Plaything of Xom.
             Slain by an ice beast (13 damage)
             ... on level 3 of the Dungeon.
             The game lasted 00:05:16 (3191 turns).

jorbis the Skirmisher (Kobold Chaos Knight)         Turns: 3191, Time: 00:05:17

Health: -3/29      AC:  5    Str: 10    XL:     4   Next: 75%
Magic:  4/4        EV: 15    Int: 13    God:    Xom [.*....]
Gold:   133        SH:  0    Dex: 14    Spells: 3/3 levels left

rFire    . . .     SeeInvis .   a - +0 hand axe (chaos)
rCold    . . .     Gourm    .   (shield restricted)
rNeg     . . .     Faith    .   b - +2 leather armour
rPois    .         Spirit   .   (no helmet)
rElec    .         Reflect  .   (no cloak)
rCorr    .         Harm     .   (no gloves)
MR       .....                  (no boots)
Stlth    ++........             (no amulet)
HPRegen  0.09/turn              (no ring)
MPRegen  0.09/turn              (no ring)

@: no status effects
A: small, carnivore
a: Renounce Religion


You were on level 3 of the Dungeon.
You worshipped Xom.
You were a plaything of Xom.
You were completely stuffed.

You visited 1 branch of the dungeon, and saw 3 of its levels.

You collected 133 gold pieces.

Inventory:

Hand Weapons
 a - a +0 hand axe of chaos (weapon)
Missiles
 g - 70 stones
 i - 6 boomerangs (quivered)
 t - 32 arrows
Armour
 b - a +2 leather armour (worn)
 p - a +0 scale mail
Scrolls
 d - a scroll of random uselessness {unknown}
 e - 5 scrolls of teleportation {unknown}
 f - 3 scrolls of identify {unknown}
 j - a scroll of enchant armour {unknown}
 o - a scroll of remove curse {unknown}
 r - 2 scrolls of magic mapping {unknown}
Potions
 h - a potion of ambrosia {unknown}
 k - a potion of berserk rage {unknown}
 l - a potion of heal wounds {unknown}
 m - 2 potions of invisibility {unknown}
 n - a potion of degeneration {unknown}
 q - a potion of flight {unknown}
Comestibles
 c - 9 rations


   Skills:
 * Level 4.0 Fighting
 * Level 2.9 Axes
 + Level 1.3 Armour
 + Level 3.1 Dodging
 * Level 2.6 Stealth


You had 3 spell levels left.
You didn't know any spells.
Your spell library was empty.

Dungeon Overview and Level Annotations

Branches:
Dungeon (3/15)

Altars:
Okawaru


Innate Abilities, Weirdness & Mutations

You are small and have problems with some larger weapons.
You are carnivorous and can eat meat at any time.


Message History

The ice beast is moderately wounded.
The ice beast closely misses you.
You hit the ice beast.
The ice beast is poisoned.
The ice beast is heavily wounded.
The ice beast closely misses you.
You hit the ice beast but do no damage.
The ice beast is severely wounded.
The ice beast hits you but does no damage.
You hit the ice beast.
The ice beast flickers and vanishes!
Deactivating autopickup; reactivate with Ctrl-A.
Something hits you but does no damage.
All of the chunks of flesh in your inventory have rotted away.
Your leather armour prevents you from hitting something.
Something barely misses you.
You hit something but do no damage.
There is a strange disturbance nearby!
You hit something but do no damage. Something hits you but does no damage.
You closely miss something. Something hits you but does no damage.
You miss something. Something hits you. Something freezes you!
You die...

###
#######.#####.#
.......<......#
#########.#####.#
#.).............#
#......##.#..####
######.##.#..#
#{##.# .# #@##.#
.# #.######.##.#
# .........##.#
#.######.# .#
######.##.#..#
...b..........#
.#######.#.#.##
... # ##...


There were no monsters in sight!

Vanquished Creatures
  A gnoll (D:1)
  An adder (D:2)
  2 worms (D:2)
  2 dart slugs
  A leopard gecko (D:1)
  2 giant cockroaches (D:2)
  5 goblins
  4 hobgoblins (D:1)
  8 jackals
  10 kobolds
  2 ball pythons
  9 bats
  6 frilled lizards
  A rat (D:1)
54 creatures vanquished.

Vanquished Creatures (others)
  A hobgoblin (D:1)
1 creature vanquished.

Grand Total: 55 creatures vanquished

Notes
Turn   | Place    | Note
-------+----------+-------------------------------------------
     0 | D:1      | jorbis the Kobold Chaos Knight began the quest for the Orb.
     0 | D:1      | Reached XP level 1. HP: 14/14 MP: 1/1
   221 | D:1      | Reached skill level 1 in Armour
   221 | D:1      | Reached XP level 2. HP: 19/19 MP: 2/2
   372 | D:1      | XOM: silly message
   395 | D:1      | Reached skill level 1 in Stealth
   571 | D:1      | XOM: divination: magic mapping
   582 | D:1      | Reached XP level 3. HP: 8/23 MP: 3/3
   713 | D:1      | XOM: silly message
   954 | D:1      | XOM: god gift: ration
  1729 | D:2      | Reached XP level 4. HP: 29/29 MP: 4/4
  1743 | D:2      | XOM: butterfly on damage
  1856 | D:2      | XOM: summons 1 hostile demon
  2118 | D:2      | Found an iron altar of Okawaru.
  2937 | D:2      | Reached skill level 4 in Fighting
  3165 | D:3      | Noticed an ice beast
  3191 | D:3      | Slain by an ice beast

Illustrated notes

Levels and vault maps discovered:
D:1:      heliophobic_arrival_glass_houses, layout_basic
D:2:      layout_basic, first_ration, okawaru_ov_weapons_minmay
D:3:      layout_basic, kennysheep_nondescript

Skill      XL: |  1  2  3  4 |
---------------+-------------+-----
Armour         | 1 |  1.3
Stealth        | 1 2 |  2.6
Dodging        | 3 |  3.1
Fighting       | 4 |  4.0
Axes           | |  2.9

Action                   |  1- 3 |  4- 6 || total
-------------------------+-------+-------++-------
Melee: Hand axe          |    89 |    76 ||   165
 Stab: Sleeping          |     1 |     2 ||     3
       Distracted        |     1 |       ||     1
  Eat: Chunk             |    11 |     5 ||    16
Armor: Leather armour    |    25 |    27 ||    52
Dodge: Dodged            |    68 |    51 ||   119
